 Dungeon Crawl Stone Soup version 0.30.0-29-ga12c61a403 (webtiles) character file.

Game seed: 12473059611510888215

172 monsoonserge the Conjurer (level 5, -1/40 HPs)
             Began as a Demonspawn Reaver on June 24, 2023.
             Slain by Terence
             ... wielding a +2 short sword of speed
              (5 damage)
             ... on level 2 of the Dungeon.
             The game lasted 00:09:13 (1842 turns).

monsoonserge the Conjurer (Demonspawn Reaver)       Turns: 1842, Time: 00:09:13

Health: -1/40      AC:  7    Str: 15    XL:     5   Next: 27%
Magic:  8/8        EV:  5    Int: 14    God:
Gold:   89         SH: 10    Dex: 11    Spells: 7/8 levels left

rFire   . . .        r - +4 dagger (vamp)
rCold   . . .        p - +0 tower shield
rNeg    . . .        k - +0 scale mail
rPois   .            (no helmet)
rElec   .            e - +0 cloak
rCorr   .            (no gloves)
SInv    .            (no boots)
Will    .....        f - amulet of magic regeneration Stlth
                     j - ring of flight
HPRegen 0.26/turn    (no ring)
MPRegen 0.62/turn

%: no passive effects
@: brilliant, attractive, flying, hasted, very quick
A: claws 2, hooves 1, magic regeneration
a: no special abilities


You were on level 2 of the Dungeon.
You visited 1 branch of the dungeon, and saw 3 of its levels.

You collected 89 gold pieces.

Inventory:

Hand Weapons
 r - a +4 vampiric dagger (weapon)
Missiles
 s - 6 poisoned darts
Armour
 b - a +0 leather armour
 e - a +0 cloak (worn)
 k - a +0 scale mail (worn)
 o - a +0 ring mail
 p - a +0 tower shield (worn)
Magical Staves
 m - a staff of earth
Jewellery
 f - an amulet of magic regeneration (around neck)
 j - a ring of flight (left claw)
Scrolls
 a - a scroll of immolation {unknown}
 g - a scroll of fear {unknown}
 n - 2 scrolls of identify {unknown}
 q - 2 scrolls of vulnerability {unknown}
Potions
 c - 2 potions of curing


   Skills:
 + Level 2.8 Fighting
 - Level 3.0 Maces & Flails
 + Level 2.2 Armour
 + Level 2.4 Dodging
 * Level 0.3 Shields
 * Level 1.8 Unarmed Combat
 - Level 2.0 Spellcasting
 - Level 3.3 Conjurations
 - Level 0.8 Necromancy


You had 7 spell levels left.
You knew the following spells:

 Your Spells              Type           Power      Damage    Failure   Level
a - Kiss of Death         Conj/Necr      40%        2d8       100%        1

Your spell library contained the following spells:

 Spells                   Type           Power      Damage    Failure   Level
 Momentum Strike          Conj/Tloc      18%        3d8       100%        2
 Hailstorm                Conj/Ice       9%         3d4       100%        3
 Ice Form                 Ice/Tmut       2%         N/A       100%        4
 Simulacrum               Ice/Necr       1%         N/A       100%        6


Dungeon Overview and Level Annotations

Branches:
Dungeon (3/15)

Altars:

Shops:
D:1 [

Annotations:
D:2 Terence


Innate Abilities, Weirdness & Mutations

You have very sharp fingernails.
You have large cloven feet.
You regenerate magic rapidly.


Message History

Here: a hobgoblin The floor.
Press: ? - help, v - describe, . - travel
Here: a frilled lizard The floor, spattered with blood.
You hit the hobgoblin.
You feel better.
You kick the hobgoblin.
The hobgoblin is moderately wounded.
The frilled lizard bites you but does no damage.
The hobgoblin barely misses you. x2
Terence hits you with a +2 short sword of speed.
You block Terence's attack.
You hit the hobgoblin but do no damage. You kick the hobgoblin.
The hobgoblin is almost dead.
The frilled lizard bites you but does no damage.
You block the hobgoblin's attack. x2
Terence hits you with a +2 short sword of speed.
* * * LOW HITPOINT WARNING * * *
You block the hobgoblin's attack. Terence barely misses you.
The frilled lizard bites you but does no damage.
The hobgoblin hits you.
* * * LOW HITPOINT WARNING * * *
Unknown command.
Okay, then.
It was a potion of brilliance.
You feel clever all of a sudden. You block Terence's attack.
The frilled lizard bites you but does no damage.
The hobgoblin hits you.
* * * LOW HITPOINT WARNING * * *
The hobgoblin hits you but does no damage.
Okay, then.
Casting: Kiss of Death (safe; 100% risk of failure)
Confirm with . or Enter, or press ? or * to list all spells.
Okay, then.
It was a potion of haste.
You feel yourself speed up. You block Terence's attack.
The frilled lizard bites you but does no damage.
The hobgoblin hits you but does no damage. x2
Terence hits you with a +2 short sword of speed.
You die...

..........<......#
.................#
...........†.....#### ...
..................>......
.................#.##....
......##.........#.......
...#####.................
...# ............@......
...##...........@g..#...
.............###lg..#
............. #g........
........#.... ...........
.........................
........#................
........ .......#.......
†....## .......#.......
†....### .......#.......


You could see Terence, 2 hobgoblins, a goblin and a frilled lizard.

Vanquished Creatures
  A scorpion (D:2)
  Jessica (D:3)
  2 adders
  2 worms (D:2)
  A dart slug (D:2)
  3 orcs (D:3)
  7 endoplasms
  3 giant cockroaches
  4 goblins
  6 hobgoblins
  3 jackals (D:1)
  2 quokkas
  15 ball pythons
  3 bats
  2 frilled lizards
  A kobold (D:1)
  3 rats
59 creatures vanquished.

Notes
Turn   | Place    | Note
-------+----------+-------------------------------------------
     0 | D:1      | monsoonserge the Demonspawn Reaver began the quest for the
                  | Orb.
     0 | D:1      | Reached XP level 1. HP: 16/16 MP: 3/3
   130 | D:1      | Discovered your monstrous ancestry.
   130 | D:1      | Gained mutation: You have sharp fingernails. [demonic
                  | ancestry]
   130 | D:1      | Reached XP level 2. HP: 5/19 MP: 3/5
   592 | D:1      | Reached skill level 1 in Unarmed Combat
   592 | D:1      | Gained mutation: You have large cloven feet. [demonic
                  | ancestry]
   592 | D:1      | Reached XP level 3. HP: 17/23 MP: 6/6
   734 | D:1      | Found Utiosoi's Armour Shoppe.
  1102 | D:2      | You fall into a shaft and drop 1 floor!
  1117 | D:3      | Reached skill level 1 in Armour
  1223 | D:3      | Found a faded altar of an unknown god.
  1371 | D:2      | Noticed a scorpion
  1379 | D:2      | Killed a scorpion
  1380 | D:2      | Gained mutation: You have very sharp fingernails. [demonic
                  | ancestry]
  1380 | D:2      | Reached XP level 4. HP: 7/34 MP: 7/7
  1557 | D:2      | Noticed Jessica
  1557 | D:2      | Noticed Terence
  1579 | D:3      | Killed Jessica
  1580 | D:3      | Gained mutation: You regenerate magic rapidly. [demonic
                  | ancestry]
  1580 | D:3      | Reached XP level 5. HP: 34/39 MP: 8/8
  1837 | D:2      | HP: 1/40 [Terence/+2 short sword of speed (8)]
  1842 | D:2      | Slain by Terence

Illustrated notes

Levels and vault maps discovered:
D:1:      dpeg_arrival_water_temple_mockup, layout_basic, serial_shops,
          nicolae_shop_back_alley_shop, minmay_misc_feat_nine_boxes
D:2:      layout_basic, uniq_robin, uniq_terence, uniq_jessica
D:3:      layout_loops_ring, nicolae_ecumenical_snake_handling,
          uniq_crazy_yiuf_cottage

Skill      XL: |  1  2  3  4 |
---------------+-------------+-----
Maces & Flails | 3 |  3.0
Unarmed Combat | 1 |  1.8
Armour         | 1 2 |  2.2
Dodging        | 2 |  2.4
Fighting       | |  2.8
Shields        | |  0.3
Spellcasting   | |  2.0
Conjurations   | |  3.3
Necromancy     | |  0.8

Action                     |  1- 3 |  4- 6 || total
---------------------------+-------+-------++-------
  Melee: Mace              |    28 |       ||    28
         Flail             |    94 |     8 ||   102
         Kick              |    14 |    12 ||    26
         Punch             |     1 |       ||     1
         Dagger            |       |    40 ||    40
   Cast: Kiss of Death     |     5 |       ||     5
    Use: Potion            |       |     5 ||     5
   Stab: Sleeping          |     1 |       ||     1
 Armour: Leather armour    |    42 |       ||    42
         Scale mail        |    16 |    40 ||    56
  Dodge: Dodged            |    87 |    15 ||   102
  Block: Tower shield      |       |    52 ||    52
